 Dungeon Crawl Stone Soup version 0.20.0-15-g7f486f2 (webtiles) character file.

66416 Ios the Unseen (level 14, -1/74 HPs)
             Began as a Spriggan Enchanter on June 11, 2017.
             Was the Champion of Dithmenos.
             Slain by an orc warrior
             ... wielding a +0 battleaxe
             ... led by an orc knight
              (44 damage)
             ... on level 2 of the Orcish Mines.
             The game lasted 01:15:11 (29272 turns).

Ios the Unseen (Spriggan Enchanter)                Turns: 29272, Time: 01:15:11

Health: -1/74      AC:  7    Str:  6    XL:     14   Next: 79%
Magic:  29/31      EV: 31    Int: 22    God:    Dithmenos [******]
Gold:   2006       SH:  0    Dex: 20    Spells: 22/38 levels left

rFire    . . .     SeeInvis +   L - +10 rapier of Xadupp {pierce, +Blink MR+ Stlth+}
rCold    . . .     Gourm    .   (shield restricted)
rNeg     + . .     Faith    .   A - +2 robe {rN+}
rPois    .         Spirit   .   (helmet restricted)
rElec    .         Reflect  .   h - +2 cloak
rCorr    .         Harm     .   (gloves unavailable)
MR       ++++.                  (boots unavailable)
Stlth    ++++++++++             s - amulet of regeneration
Regen    0.7/turn               j - +2 ring of intelligence
MPRegen  0.3/turn               E - ring of protection from magic

@: wreathed by umbra, very quick
A: unfitting armour, thin skeletal structure 1, see invisible, clever 1,
herbivore 3, speed 3, slow metabolism 2
a: Shadow Step, Shadow Form, Renounce Religion, Evoke Blink


You were on level 2 of the Orcish Mines.
You worshipped Dithmenos.
Dithmenos was exalted by your worship.
You were not hungry.

You visited 4 branches of the dungeon, and saw 22 of its levels.

You collected 2231 gold pieces.
You spent 225 gold pieces at shops.

Inventory:

Hand Weapons
 a - a +2 dagger
 e - a +3 dagger
 g - a +5 dagger of protection
 x - a +2 short sword of venom
 C - a +2 dagger of pain
 L - the +10 rapier of Xadupp (weapon) {pierce, +Blink MR+ Stlth+}
   (You found it on level 5 of the Lair of Beasts)

   It inflicts extra damage upon your enemies.
   It affects your resistance to hostile enchantments.
   It lets you blink.
   It makes you more stealthy.
Missiles
 N - a throwing net (quivered)
Armour
 h - a +2 cloak (worn)
 w - a +2 hat
 A - a +2 robe of positive energy (worn)
Jewellery
 c - the ring of Xom's Flight of Fancy {Ice Int+2}
   (You found it on level 4 of the Lair of Beasts)

   [ring of ice]

   It enhances your ice magic.
   It affects your intelligence (+2).
   It makes you vulnerable to fire.
   It protects you from cold.
 j - a +2 ring of intelligence (left hand)
 s - an amulet of regeneration (around neck)
 t - a +2 ring of intelligence
 y - an uncursed ring of magical power
 B - an uncursed ring of protection from fire
 E - a ring of protection from magic (right hand)
 M - an uncursed ring of protection from cold
Wands
 v - a wand of enslavement (13/24)
 O - a wand of confusion (32/48)
 P - a wand of polymorph (20/24)
 R - a wand of acid (6/15)
Scrolls
 k - 8 scrolls of identify
 n - 5 scrolls of teleportation
 p - 6 scrolls of remove curse
 r - 2 scrolls of fear
 D - a scroll of magic mapping
 F - a scroll of amnesia
 S - 2 scrolls of enchant armour
Potions
 i - a potion of haste
 l - 5 potions of curing
 m - 2 potions of agility
 u - 3 potions of lignification
 z - a potion of might
 G - a potion of flight
 I - a potion of brilliance
Books
 o - a book of Debilitation

   Spells                             Type                      Level
   a - Corona                         Hexes                        1
   b - Slow                           Hexes                        2
   c - Inner Flame                    Hexes/Fire                   3
   d - Portal Projectile              Hexes/Translocation          3
   e - Cause Fear                     Hexes                        4
   f - Leda's Liquefaction            Hexes/Earth                  4
 q - a book of Frost

   Spells                             Type                      Level
   a - Freeze                         Ice                          1
   b - Throw Frost                    Conjuration/Ice              2
   c - Ozocubu's Armour               Charms/Ice                   3
   d - Throw Icicle                   Conjuration/Ice              4
   e - Summon Ice Beast               Ice/Summoning                4
 K - a book of Conjurations

   Spells                             Type                      Level
   a - Magic Dart                     Conjuration                  1
   b - Searing Ray                    Conjuration                  2
   c - Dazzling Spray                 Conjuration/Hexes            3
   d - Fulminant Prism                Conjuration/Hexes            4
   e - Force Lance                    Conjuration/Translocation    4
   f - Iskenderun's Mystic Blast      Conjuration                  4
Comestibles
 d - 9 bread rations
 f - 16 fruits
 H - 8 royal jellies


   Skills:
 + Level 8.4 Fighting
 + Level 11.0 Short Blades
 + Level 13.9 Dodging
 + Level 19.4 Stealth
 + Level 12.8 Spellcasting
 + Level 13.4 Hexes


You had 22 spell levels left.
You knew the following spells:

 Your Spells              Type           Power        Failure   Level  Hunger
a - Ensorcelled Hibernat  Hex/Ice        #####.       1%          2    None
b - Corona                Hex            ######.      1%          1    None
c - Confuse               Hex            ######..     1%          3    None
d - Tukima's Dance        Hex            ######..     1%          3    None
e - Dazzling Spray        Conj/Hex       #####.       1%          3    None
f - Cause Fear            Hex            ######....   1%          4    None


Dungeon Overview and Level Annotations

Branches:
Dungeon (13/15)            Temple (1/1) D:4            Lair (6/6) D:10
  Swamp (0/4) Lair:3       Spider (0/4) Lair:2        Slime (0/5) Lair:6
    Orc (2/2) D:12            Elf (0/3) Orc:2
 Vaults: D:13-14

Altars:
Ashenzari
Cheibriados
Dithmenos
Elyvilon
Fedhas
Gozag
Hepliaklqana
Kikubaaqudgha
Makhleb
Nemelex Xobeh
Okawaru
Qazlal
Ru
Sif Muna
Trog
Uskayaw
Vehumet
Xom
Yredelemnul
Zin
The Shining One
Jiyva

Shops:
Orc:2 ?[?

Annotations:
D:6 1 runed door


Innate Abilities, Weirdness & Mutations

You are very small and have problems with some larger weapons.
You are too small for most types of armour.
You have supernaturally acute eyesight. (SInv)
You are a herbivore.
You cover ground extremely quickly.
You need consume almost no food.
You have a somewhat thin skeletal structure. (Dex +2, Stealth)
Your mind is acute. (Int +2)


Message History

You hit the warg.
The warg is severely wounded.
Your shadow hits the warg with a rapier.
The orc warrior completely misses you. The warg completely misses you.
You puncture the warg!
You kill the warg!
Dithmenos accepts your kill. The orc warrior completely misses you.
You puncture the orc warrior!
The orc warrior is heavily wounded.
The orc warrior hits you with a battleaxe!
Casting: Ensorcelled Hibernation
Confirm with . or Enter, or press ? or * to list all spells.
Aiming: Ensorcelled Hibernation
Press: ? - help, Shift-Dir - straight line, f - orc knight
Aim: an orc knight, wielding a battleaxe and wearing a shiny chain mail (umbra, chance to defeat MR: 51%)
The orc knight looks drowsy...
The orc warrior completely misses you.
The orc warrior hits you with a battleaxe!!!
Ouch! That really hurt!
You die...

....$......
#####.......#.
..#.#........ .
...........# ..
.. ..........#...
... #............
...###.#†oo......
##..#...@o......
#...............
##..............
#...............
##...#....$<.....
#................
##.#.#...........
##..............
##..............


You could see an orc knight (sleeping) and 2 orc warriors.

Vanquished Creatures
  An orc warlord (D:12)
  2 fire dragons
  Erolcha (D:9)
  An ice dragon (Lair:6)
  A hydra (Lair:3)
  A centaur warrior (D:13)
  6 two-headed ogres
  A death knight (D:13)
  3 death yaks (Lair:5)
  Urug (Lair:4)
  Sonja (Lair:4)
  2 unseen horrors
  A swamp dragon (Lair:6)
  2 lindwurms (Lair:6)
  An orc knight (Orc:2)
  An orc sorcerer (Orc:1)
  2 ugly things
  A manticore (D:12)
  6 black mambas
  2 cyclopes
  5 torpor snails (Lair:6)
  3 elephants (Lair:6)
  Maurice (D:8)
  Psyche (D:9)
  A gargoyle (D:13)
  12 spiny frogs
  An efreet (D:13)
  16 rime drakes
  10 komodo dragons
  3 trolls
  10 hornets
  2 jumping spiders (Lair:2)
  5 slime creatures (D:12)
  3 tyrant leeches (Lair:6)
  14 blink frogs
  9 hippogriffs
  3 redbacks (Lair:2)
  A wraith (D:13)
  A shadow (D:11)
  Sigmund (D:5)
  43 yaks
  4 basilisks
  10 vampire mosquitoes
  A hungry ghost (D:12)
  12 steam dragons
  4 soldier ants
  2 insubstantial wisps (Lair:2)
  Edmund (D:5)
  4 acid dragons
  7 wargs
  14 water moccasins
  10 porcupines
  A black bear (D:10)
  4 ice beasts
  2 sky beasts
  3 swamp drakes
  10 orc warriors
  2 necrophages (D:10)
  4 phantoms
  6 wolves (Lair:2)
  8 ogres
  8 centaurs
  10 crocodiles
  2 big kobolds
  12 bullfrogs
  6 scorpions
  7 killer bees
  8 wights
  4 howler monkeys (D:10)
  7 crimson imps
  3 centaur zombies
  2 bullfrog zombies
  6 hounds
  4 jellies
  A centaur skeleton (D:11)
  Crazy Yiuf (D:5)
  8 orc priests
  A bullfrog skeleton (D:13)
  11 orc wizards
  5 iguanas
  15 worker ants
  A killer bee zombie (D:8)
  A hound zombie (D:9)
  2 hound skeletons
  15 adders
  5 gnolls
  3 shadow imps
  4 oozes
  An adder skeleton (D:9)
  3 worms
  2 dart slugs
  6 leopard geckos
  71 orcs
  8 bats
  9 giant cockroaches
  9 hobgoblins
  6 jackals
  9 quokkas
  A ball python (D:3)
  A ball python skeleton (D:4)
  6 frilled lizards
  9 goblins
  2 jackal zombies
  17 kobolds
  A leopard gecko skeleton (D:4)
  3 quokka skeletons
  12 rats
  A bush (D:5)
  A butterfly (D:6)
  A fungus (Lair:3)
  A plant (Lair:6)
623 creatures vanquished.

Vanquished Creatures (collateral kills)
  A gnoll (D:7)
  3 orcs
4 creatures vanquished.

Vanquished Creatures (others)
  11 fungi
  23 plants
34 creatures vanquished.

Grand Total: 661 creatures vanquished

Notes
Turn   | Place    | Note
-------+----------+-------------------------------------------
     0 | D:1      | Ios the Spriggan Enchanter began the quest for the Orb.
     0 | D:1      | Reached XP level 1. HP: 9/9 MP: 5/5
   615 | D:1      | Reached XP level 2. HP: 1/13 MP: 5/7
   895 | D:1      | Learned a level 2 spell: Ensorcelled Hibernation
  1571 | D:1      | Reached XP level 3. HP: 16/16 MP: 9/9
  1576 | D:1      | Learned a level 3 spell: Confuse
  1580 | D:1      | Learned a level 3 spell: Tukima's Dance
  2518 | D:2      | Reached skill level 5 in Hexes
  2551 | D:2      | Reached XP level 4. HP: 21/21 MP: 11/11
  2899 | D:3      | Reached XP level 5. HP: 24/24 MP: 12/12
  3238 | D:3      | Reached skill level 5 in Spellcasting
  3890 | D:3      | Found a faded altar of an unknown god.
  3999 | D:4      | Reached skill level 5 in Stealth
  4049 | D:4      | Reached XP level 6. HP: 26/28 MP: 2/14
  4343 | D:4      | Reached skill level 6 in Stealth
  4387 | D:4      | Learned a level 3 spell: Dazzling Spray
  4411 | D:4      | Noticed a hippogriff
  4451 | D:4      | Reached skill level 7 in Stealth
  4456 | D:4      | Killed a hippogriff
  4456 | D:4      | Reached skill level 9 in Stealth
  4456 | D:4      | Reached XP level 7. HP: 27/32 MP: 1/15
  4608 | D:4      | Noticed a two-headed ogre
  5064 | D:4      | Killed a two-headed ogre
  5064 | D:4      | Reached skill level 12 in Stealth
  5064 | D:4      | Reached XP level 8. HP: 36/36 MP: 11/16
  5367 | D:4      | Found a staircase to the Ecumenical Temple.
  5371 | Temple   | Entered the Ecumenical Temple
  5509 | Temple   | Became a worshipper of Dithmenos the Shadowed
  5621 | D:5      | Entered Level 5 of the Dungeon
  5651 | D:5      | Reached skill level 13 in Stealth
  5653 | D:5      | Noticed Edmund
  5682 | D:5      | Killed Edmund
  5849 | D:5      | Reached skill level 14 in Stealth
  6304 | D:5      | Noticed Sigmund
  6312 | D:5      | Killed Sigmund
  6312 | D:5      | Reached skill level 1 in Fighting
  6542 | D:5      | Reached XP level 9. HP: 24/41 MP: 2/18
  6891 | D:5      | Reached * piety under Dithmenos
  7208 | D:5      | Found a runed door.
  7212 | D:5      | Noticed Crazy Yiuf
  7221 | D:5      | Killed Crazy Yiuf
  7349 | D:6      | Reached skill level 5 in Dodging
  7679 | D:6      | Found a runed door.
  7699 | D:6      | Found a runed door.
  8235 | D:7      | You fall through a shaft for 2 floors!
  8656 | D:7      | Reached ** piety under Dithmenos
  9173 | D:7      | Reached skill level 15 in Stealth
  9606 | D:8      | Noticed a two-headed ogre
 10030 | D:8      | Noticed Maurice
 10066 | D:8      | Killed a two-headed ogre
 10066 | D:8      | Reached XP level 10. HP: 48/48 MP: 8/21
 10213 | D:8      | Killed Maurice
 10994 | D:9      | Reached *** piety under Dithmenos
 11101 | D:9      | Noticed a two-headed ogre
 11134 | D:9      | Killed a two-headed ogre
 11134 | D:9      | Reached skill level 5 in Short Blades
 11257 | D:9      | Noticed Erolcha
 11262 | D:9      | Noticed Psyche
 11272 | D:9      | Killed Erolcha
 11275 | D:9      | Killed Psyche
 11624 | D:9      | Noticed a two-headed ogre
 11626 | D:9      | Killed a two-headed ogre
 11626 | D:9      | Reached skill level 16 in Stealth
 11626 | D:9      | Reached XP level 11. HP: 53/53 MP: 24/24
 12040 | D:10     | Entered Level 10 of the Dungeon
 12040 | D:10     | Found a staircase to the Lair.
 12120 | D:10     | Reached **** piety under Dithmenos
 12366 | D:10     | Noticed a two-headed ogre
 12376 | D:10     | Killed a two-headed ogre
 14117 | D:11     | Reached skill level 10 in Hexes
 14161 | D:11     | Reached skill level 5 in Fighting
 14292 | D:11     | Paralysed by a hornet for 2 turns
 14311 | D:11     | Reached skill level 10 in Dodging
 14679 | D:12     | Found a shadowy altar of Dithmenos.
 14698 | D:12     | Noticed an unseen horror
 14743 | D:12     | Killed an unseen horror
 14840 | D:12     | Noticed a two-headed ogre
 14851 | D:12     | Killed a two-headed ogre
 14851 | D:12     | Reached XP level 12. HP: 43/60 MP: 12/26
 15150 | D:12     | Reached skill level 17 in Stealth
 15207 | D:12     | Reached ***** piety under Dithmenos
 15214 | D:12     | Reached skill level 10 in Spellcasting
 15569 | D:12     | Found a staircase to the Orcish Mines.
 15615 | D:13     | Noticed a centaur warrior
 15635 | D:13     | Killed a centaur warrior
 15740 | D:13     | Noticed a death knight
 15743 | D:13     | Killed a death knight
 16543 | Lair:1   | Entered Level 1 of the Lair of Beasts
 17556 | Lair:2   | Reached XP level 13. HP: 65/65 MP: 21/28
 18474 | Lair:2   | Found a hole to the Spider Nest.
 19296 | Lair:3   | Reached skill level 18 in Stealth
 19393 | Lair:3   | Reached ****** piety under Dithmenos
 19887 | Lair:3   | Found a staircase to the Swamp.
 20475 | Lair:4   | Noticed Urug
 20484 | Lair:4   | Killed Urug
 21124 | Lair:4   | Learned a level 4 spell: Cause Fear
 21151 | Lair:4   | Noticed Sonja
 21163 | Lair:4   | Killed Sonja
 21461 | Lair:4   | Reached skill level 10 in Short Blades
 22317 | Lair:4   | Noticed a fire dragon
 22664 | Lair:4   | Killed a fire dragon
 23108 | Lair:4   | Got a fine ivory ring
 23117 | Lair:4   | Identified the ring of Xom's Flight of Fancy {Ice Int+2} (You found it on level 4 of the Lair of Beasts)
 23332 | Lair:5   | Reached XP level 14. HP: 72/72 MP: 31/31
 24735 | Lair:5   | Got a smoking rapier
 24736 | Lair:5   | Identified the +10 rapier of Xadupp {pierce, +Blink MR+ Stlth+} (You found it on level 5 of the Lair of Beasts)
 25290 | Lair:6   | Entered Level 6 of the Lair of Beasts
 25677 | Lair:6   | Found a viscous altar of Jiyva.
 25678 | Lair:6   | Found a staircase to the Slime Pits.
 25771 | Lair:6   | Gained mutation: Your flesh is heat resistant. (rF+) [potion of mutation]
 25771 | Lair:6   | Gained mutation: You have sharp toenails. [potion of mutation]
 25926 | Lair:6   | Reached skill level 19 in Stealth
 27232 | Lair:6   | Found a runed door.
 27582 | Lair:6   | Identified the cursed +1 rapier "Zinaasku" {drain, rC+ rN+ Int+2 Stlth+} (You found it on level 6 of the Lair of Beasts)
 28097 | Orc:1    | Entered Level 1 of the Orcish Mines
 28230 | Orc:1    | Noticed an orc warlord
 28336 | D:12     | Killed an orc warlord
 28758 | Orc:2    | Entered Level 2 of the Orcish Mines
 28785 | Orc:2    | Found Variri's Magic Scroll Emporium.
 28921 | Orc:2    | Found a staircase to the Elven Halls.
 28961 | Orc:2    | Found Urowk's Antique Armour Shoppe.
 28971 | Orc:2    | Bought a dazzling hat for 225 gold pieces
 28981 | Orc:2    | Identified the +0 hat "Samuep" {*Contam rPois rN++ Int-4} (You bought it in a shop on level 2 of the Orcish Mines)
 29009 | Orc:2    | Gained mutation: You are frail. (-10% HP) [mutagenic glow]
 29218 | Orc:2    | Lost mutation: Your flesh is heat resistant. (rF+) [potion of mutation]
 29218 | Orc:2    | Lost mutation: You are frail. (-10% HP) [potion of mutation]
 29218 | Orc:2    | Lost mutation: You have sharp toenails. [potion of mutation]
 29218 | Orc:2    | Gained mutation: Your mind is acute. (Int +2) [potion of mutation]
 29218 | Orc:2    | Gained mutation: You have a somewhat thin skeletal structure. (Dex +2, Stealth) [potion of mutation]
 29233 | Orc:2    | Found Dudaniv's Magic Scroll Shoppe.
 29272 | Orc:2    | Slain by an orc warrior

Skill      XL: |  1  2  3  4  5  6  7  8  9 10 11 12 13 14 |
---------------+-------------------------------------------+-----
Spellcasting   | 3 4 5 6 8 9 10 12 | 12.8
Hexes          | 4 5 6 7 9 10 11 12 13 | 13.4
Stealth        | 5 9 12 14 15 16 17 18 19 | 19.4
Fighting       | 1 2 4 5 6 7 8 |  8.4
Short Blades   | 2 4 5 7 9 10 11 | 11.0
Dodging        | 4 6 8 10 11 12 13 | 13.9

Action                   |  1- 3 |  4- 6 |  7- 9 | 10-12 | 13-15 || total
-------------------------+-------+-------+-------+-------+-------++-------
Melee: Dagger            |   189 |   191 |   554 |   619 |   202 ||  1755
       Short sword       |       |       |       |       |   180 ||   180
       Rapier            |       |       |       |       |   309 ||   309
       Kick              |       |       |       |       |    54 ||    54
 Cast: Corona            |     9 |       |       |       |       ||     9
       Ensorcelled Hiber |    14 |    32 |    34 |   110 |   100 ||   290
       Confuse           |     1 |     4 |    33 |    61 |    75 ||   174
       Tukima's Dance    |       |     2 |     3 |     1 |       ||     6
       Dazzling Spray    |       |       |     6 |    15 |    36 ||    57
  Use: Scroll            |     8 |     4 |     6 |    12 |    14 ||    44
       Potion            |       |     1 |     2 |     1 |    14 ||    18
 Stab: Sleeping          |    15 |    26 |    38 |    96 |    93 ||   268
       Confused          |       |     1 |    15 |    52 |    52 ||   120
       Distracted        |       |     1 |     1 |     6 |     4 ||    12
       Invisible         |       |       |     5 |    15 |    19 ||    39
  Eat: Royal jelly       |       |     2 |     3 |     5 |       ||    10
       Fruit             |       |       |     1 |     5 |     8 ||    14
Armor: Robe              |    27 |    54 |    41 |    55 |    49 ||   226
Dodge: Dodged            |   162 |   185 |   261 |   481 |   681 ||  1770
